 Dungeon Crawl Stone Soup version 0.31-a0-196-g86fe4a5e66 (webtiles) character file.

Game seed: 6132144080527077642

49 qw the Shooter (level 3, -2/20 HPs)
             Began as a Deep Elf Hunter on June 24, 2023.
             Slain by a goblin
             ... wielding a +0 dagger
             ... led by Robin
              (3 damage)
             ... on level 2 of the Dungeon.
             The game lasted 00:00:22 (556 turns).

qw the Shooter (Deep Elf Hunter)                     Turns: 556, Time: 00:00:23

Health: -2/20      AC:  3    Str: 10    XL:     3   Next: 53%
Magic:  0/5        EV: 12    Int: 13    God:
Gold:   52         SH:  0    Dex: 18    Spells: 2/2 levels left

rFire   + . .        a - +0 arbalest
rCold   . . .        (shield currently unavailable)
rNeg    . . .        c - +0 leather armour
rPois   .            (no helmet)
rElec   .            (no cloak)
rCorr   .            (no gloves)
SInv    .            (no boots)
Will    .....        h - amulet of guardian spirit
Stlth   ++           i - ring of protection from fire
HPRegen 0.23/turn    (no ring)
MPRegen 0.09/turn

%: guardian spirit
@: no status effects
A: no striking features
a: no special abilities


You were on level 2 of the Dungeon.
You visited 1 branch of the dungeon, and saw 2 of its levels.

You collected 52 gold pieces.


   Skills:
 - Level 1.5 Fighting
 + Level 7.1 Ranged Weapons
 - Level 2.4 Dodging
 - Level 1.2 Stealth


You had 2 spell levels left.
You didn't know any spells.
Your spell library was empty.

Inventory:

Hand Weapons
 a - a +0 arbalest (weapon)
Armour
 c - a +0 leather armour (worn)
Jewellery
 h - an amulet of guardian spirit (around neck)
 i - a ring of protection from fire (left hand)
Potions
 b - 3 potions of berserk rage {unknown}
 d - a potion of curing {unknown}
 f - a potion of might {unknown}

Dungeon Overview and Level Annotations

Branches:
Dungeon (2/15)

Altars:
Wu Jian

Annotations:
D:2 Robin


Message History

A hobgoblin comes into view.
The adder barely misses you.
You shoot a bolt. The bolt barely misses the adder.
The hobgoblin shouts!
The adder completely misses you. The goblin hits you but does no damage.
The adder bites you.
You shoot a bolt. The bolt hits the adder!
You kill the adder!
The goblin closely misses you.
Robin of the Strong Arm comes into view.
They are wielding a +0 trident.
The goblin closely misses you. x2
Your Ranged Weapons skill increases to level 7!
You shoot a bolt. The bolt completely misses the goblin.
Robin shouts!
You hear a shout!
A goblin comes into view. It is wielding a +0 club.
Robin roars a battlecry!
The goblins go into a battle-frenzy!
The goblin hits you with a +0 club.
An endoplasm comes into view.
The goblin barely misses you. The goblin hits you with a +0 dagger.
The goblin hits you with a +0 club.
The goblin moves out of view.
You shoot a bolt. The bolt closely misses the goblin.
The endoplasm quivers.
The goblin hits you with a +0 dagger. The goblin misses you.
A goblin comes into view. It is wielding a +0 dagger.
You shoot a bolt. The goblin shouts! x2
The bolt hits the goblin!!
You kill the goblin!
The goblin closely misses you.
A goblin comes into view. It is wielding a +0 club.
The goblin hits you with a +0 dagger. The hobgoblin misses you.
You shoot a bolt. The goblin shouts!
The bolt hits the hobgoblin but does no damage.
The hobgoblin barely misses you. The goblin barely misses you.
You shoot a bolt. The bolt closely misses the hobgoblin.
The hobgoblin hits you.
The goblin hits you with a +0 dagger. x2
You die...

. ... ..gg###
#.gJg########
#g@......#
###......#
####### #......#
#...... ##......#
#......##.......#
#...... #..)....#
#......##)#######
###.#..##.).#
###...#(##..###


You could see Robin, an endoplasm, a hobgoblin (strong) and 3 goblins.

Vanquished Creatures
  An adder (D:2)
  A dart slug (D:1)
  2 bats (D:1)
  5 endoplasms (D:1)
  A giant cockroach (D:1)
  6 goblins
  6 hobgoblins
  3 jackals (D:1)
  3 ball pythons (D:1)
  2 frilled lizards (D:1)
  2 kobolds
32 creatures vanquished.

Notes
Turn   | Place    | Note
-------+----------+-------------------------------------------
     0 | D:1      | qw the Deep Elf Hunter began the quest for the Orb.
     0 | D:1      | Reached XP level 1. HP: 12/12 MP: 3/3
     0 | D:1      | 0 ||| qw: Version: 0.3-a-9-g12657ce
     0 | D:1      | 0 ||| qw: Game counter: 4780
     0 | D:1      | 0 ||| qw: Always use a shield: true
     0 | D:1      | 0 ||| qw: God list: Okawaru
     0 | D:1      | 0 ||| qw: Allow faded altars: false
     0 | D:1      | 0 ||| qw: Do Orc after D:15 true
     0 | D:1      | 0 ||| qw: Do second Lair branch before Depths: true
     0 | D:1      | 0 ||| qw: Lair rune preference: random
     0 | D:1      | 0 ||| qw: Plans: Normal
     0 | D:1      | 0 ||| PLANNING D:1-11
     2 | D:1      | Noticed a demonspawn
     2 | D:1      | Noticed a minotaur
     4 | D:1      | Noticed an elf
     6 | D:1      | Noticed a merfolk
     6 | D:1      | Noticed an octopode
     8 | D:1      | Noticed a spriggan
     8 | D:1      | Noticed a demigod
    10 | D:1      | Noticed a draconian
    10 | D:1      | Noticed a human
    12 | D:1      | Noticed a vampire
    12 | D:1      | Noticed a gargoyle
    14 | D:1      | Noticed a naga
    14 | D:1      | Noticed an ogre
    16 | D:1      | Noticed a formicid
    16 | D:1      | Noticed a troll
    18 | D:1      | Noticed a tengu
    20 | D:1      | Noticed a felid
    20 | D:1      | Noticed an armataur
    22 | D:1      | Noticed a vine stalker
    22 | D:1      | Noticed a ghoul
    24 | D:1      | Noticed a spriggan
    24 | D:1      | Noticed a meteoran
    26 | D:1      | Noticed a minotaur
    26 | D:1      | Noticed a formicid
   140 | D:1      | Reached skill level 6 in Ranged Weapons
   140 | D:1      | Reached XP level 2. HP: 16/16 MP: 4/4
   177 | D:1      | HP: 4/16 [kobold/+0 dagger (3)]
   415 | D:1      | 415 ||| UPGRADING to amulet of guardian spirit.
   420 | D:1      | 420 ||| UPGRADING to ring of protection from fire.
   421 | D:1      | 421 ||| READING scroll labelled NAHECHOTAIPT.
   422 | D:1      | 422 ||| DRINKING 2 inky potions.
   423 | D:1      | 423 ||| DROPPING scroll of butterflies.
   424 | D:1      | 424 ||| DROPPING potion of attraction.
   443 | D:2      | 443 ||| STAIRDANCE
   457 | D:1      | Reached XP level 3. HP: 14/20 MP: 2/5
   494 | D:2      | Found an ornate altar of the Wu Jian Council.
   495 | D:2      | 495 ||| SWAPPING to +0 arbalest.
   496 | D:2      | 496 ||| DROPPING +0 shortbow.
   551 | D:2      | Noticed Robin
   552 | D:2      | Reached skill level 7 in Ranged Weapons
   556 | D:2      | HP: 1/20 [hobgoblin[Robin] (5)]
   556 | D:2      | Slain by a goblin

Levels and vault maps discovered:
D:1:      kb_arrival_jail, layout_basic
D:2:      layout_rooms, basic_altar, chequers_serial_rivers_small_a, uniq_robin

Skill      XL: |  1  2  3 |
---------------+----------+-----
Ranged Weapons | 6 7 |  7.1
Fighting       | |  1.5
Dodging        | |  2.4
Stealth        | |  1.2

Action                     || total
---------------------------++-------
   Fire: Shortbow          ||    66
         Arbalest          ||    22
    Use: Scroll            ||     1
         Potion            ||     1
 Armour: Leather armour    ||    21
  Dodge: Dodged            ||    46

Table legend:
 A = Non-vault XP
 B = Vault XP
 C = Vault XP percentage of total XP
 D = Non-vault monster count
 E = Vault monster count
 F = Vault count percentage of total count
                 A         B        C        D         E       F
            +---------+---------+-------+---------+---------+-------
      Total |      61 |      10 |  14.1 |      27 |       5 |  15.6
            +---------+---------+-------+---------+---------+-------
        D:1 |      41 |       0 |   0.0 |      22 |       0 |   0.0
        D:2 |      20 |      10 |  33.3 |       5 |       5 |  50.0
            +---------+---------+-------+---------+---------+-------
